 Dungeon Crawl Stone Soup version 0.28.0-53-g5a82cb258f (webtiles) character file.

Game seed: 14537254873460085128

597 GigaChad the Slasher (level 7, -5/61 HPs)
             Began as a Minotaur Fighter on Aug 23, 2022.
             Was a Priest of Vehumet.
             Slain by an orc warrior
             ... wielding a +0 dire flail
              (12 damage)
             ... on level 4 of the Dungeon.
             The game lasted 00:13:14 (4213 turns).

GigaChad the Slasher (Minotaur Fighter)             Turns: 4213, Time: 00:13:15

Health: -5/61      AC: 10    Str: 22    XL:     7   Next: 17%
Magic:  6/6        EV:  8    Int:  5    God:    Vehumet [***...]
Gold:   90         SH:  5    Dex: 10    Spells: 6/6 levels left

rFire   . . .      SeeInvis .   a - +0 long sword (freeze)
rCold   . . .      Faith    .   c - +0 buckler
rNeg    . . .      Spirit   .   o - +0 chain mail
rPois   .          Reflect  .   (helmet restricted)
rElec   .          Harm     .   (no cloak)
rCorr   .          Rampage  .   (no gloves)
Will    .....                   (no boots)
Stlth   ..........              (no amulet)
HPRegen 0.20/turn               (no ring)
MPRegen 0.10/turn               (no ring)

@: no status effects
A: horns 2, retaliatory headbutt
a: Renounce Religion


You were on level 4 of the Dungeon.
You worshipped Vehumet.
Vehumet was most pleased with you.
You visited 1 branch of the dungeon, and saw 4 of its levels.
You also visited: Ossuary.

You collected 90 gold pieces.

Inventory:

Hand Weapons
 a - a +0 long sword of freezing (weapon)
 k - a +0 scythe
Missiles
 i - 8 poisoned darts (quivered)
Armour
 b - a +0 scale mail
 c - a +0 buckler (worn)
 o - a +0 chain mail (worn)
Magical Staves
 g - a staff of poison
Jewellery
 h - a ring of fire
Wands
 n - a wand of flame (18)
 q - a wand of acid (9)
Scrolls
 m - 2 scrolls of enchant armour
 r - 2 scrolls of fear
Potions
 d - 4 potions of might
 e - a potion of invisibility
 f - 2 potions of magic {unknown}
 j - 2 potions of curing {unknown}
 l - 3 potions of degeneration {unknown}
 p - a potion of brilliance {unknown}
 t - a potion of resistance {unknown}


   Skills:
 + Level 5.1 Fighting
 + Level 6.0 Long Blades
 + Level 5.9 Armour
 + Level 1.9 Dodging
 + Level 0.2 Stealth
 + Level 5.0 Shields


You had 6 spell levels left.
You didn't know any spells.
Your spell library was empty.

Dungeon Overview and Level Annotations

Branches:
Dungeon (4/15)            Ossuary (visited)
 Temple: D:4-7

Altars:
Qazlal
Vehumet
Wu Jian
Xom
Yredelemnul
The Shining One


Innate Abilities, Weirdness & Mutations

You have a pair of horns on your head.
You reflexively headbutt those who attack you in melee.


Message History

a +0 dagger; a +0 robe
There is an open door here.
You start resting.
An orc warrior comes into view. It is wielding a +0 dire flail.
The orc warrior shouts!
You barely miss the orc warrior. Your headbutt misses the orc warrior.
The orc warrior hits you with a +0 dire flail!
You barely miss the orc warrior. You headbutt the orc warrior.
The orc warrior is lightly wounded.
The orc warrior hits you with a +0 dire flail.
You barely miss the orc warrior.
The orc warrior is lightly wounded.
The orc warrior closely misses you.
An orc priest comes into view. It is wielding a +0 club.
The orc priest shouts!
You hit the orc warrior. You freeze the orc warrior.
The orc warrior is moderately wounded.
The orc warrior hits you with a +0 dire flail.
The orc warrior hits you with a +0 dire flail!
* * * LOW HITPOINT WARNING * * *
You closely miss the orc warrior.
The orc warrior is moderately wounded.
The orc priest looks satisfied for a moment.
You block the orc warrior's attack.
You hit the orc warrior but do no damage.
The orc warrior is moderately wounded.
You block the orc warrior's attack.
You hit the orc warrior but do no damage.
You headbutt the orc warrior!
The orc warrior is heavily wounded.
The orc priest barely misses you.
The orc warrior hits you with a +0 dire flail!
* * * LOW HITPOINT WARNING * * *
You closely miss the orc priest. You headbutt the orc priest.
The orc priest is lightly wounded.
The orc priest mumbles some strange prayers to Beogh against you.
Pain shoots through your body!
* * * LOW HITPOINT WARNING * * *
The orc warrior hits you with a +0 dire flail!
You die...

####.## ### #.. ... ..#
#.# ..# #.# ##+## ..#
#.# #.# ##...##
..###.###.# ##.....##
..#...#.#.# ##.......##
...)......###.........#
))..........'..o......+
.#.......####...@.....#
.##...#.## ##..o....##
####.##..# ##.....##
#.###.# ##...## #.# ..
...## #.. ... ##.# #.#
..## .# .#


You could see an orc warrior and an orc priest.

Vanquished Creatures
  Sigmund (D:3)
  An ogre (D:4)
  A hound (D:4)
  An iguana (D:4)
  Jessica (D:2)
  Ijyb (D:3)
  3 orc wizards
  2 mummies
  4 adders
  2 dart slugs
  9 orcs
  2 spectral bats (Ossuary)
  3 ball pythons
  6 endoplasms
  5 giant cockroaches
  11 gnoll zombies (Ossuary)
  7 goblins
  6 hobgoblins
  2 jackals (D:3)
  8 bats
  A bat simulacrum (Ossuary)
  2 frilled lizards
  7 goblin simulacra (Ossuary)
  7 goblin zombies
  5 hobgoblin zombies (Ossuary)
  6 kobolds
  3 kobold zombies (Ossuary)
  5 orc zombies
  3 rats
  3 rat simulacra (Ossuary)
  4 spectral goblins (Ossuary)
  3 spectral kobolds (Ossuary)
  A spectral rat (Ossuary)
126 creatures vanquished.

Vanquished Creatures (others)
  15 plants (D:2)
15 creatures vanquished.

Grand Total: 141 creatures vanquished

Notes
Turn   | Place    | Note
-------+----------+-------------------------------------------
     0 | D:1      | GigaChad the Minotaur Fighter began the quest for the Orb.
     0 | D:1      | Reached XP level 1. HP: 19/19 MP: 0/0
   179 | D:1      | Reached XP level 2. HP: 14/27 MP: 1/1
  1062 | D:2      | Reached XP level 3. HP: 30/33 MP: 2/2
  1098 | D:2      | Reached skill level 3 in Long Blades
  1397 | D:2      | Noticed Jessica
  1401 | D:2      | Killed Jessica
  1402 | D:2      | Reached XP level 4. HP: 41/41 MP: 3/3
  1780 | D:3      | Noticed Sigmund
  1789 | D:3      | Killed Sigmund
  1790 | D:3      | Reached skill level 4 in Long Blades
  1790 | D:3      | Reached skill level 5 in Armour
  1790 | D:3      | Reached skill level 1 in Dodging
  1790 | D:3      | Reached XP level 5. HP: 25/47 MP: 4/4
  1790 | D:3      | Reached XP level 6. HP: 29/53 MP: 5/5
  1972 | D:3      | Found a faded altar of an unknown god.
  1985 | D:3      | Prayed at the altar of an unknown god.
  1985 | D:3      | Became a worshipper of Vehumet
  1985 | D:3      | Reached * piety under Vehumet
  1985 | D:3      | Offered knowledge of Shock by Vehumet.
  2140 | D:3      | Noticed Ijyb
  2150 | D:3      | Killed Ijyb
  2980 | D:4      | Found a glowing golden altar of the Shining One.
  2980 | D:4      | Found a basalt altar of Yredelemnul.
  2988 | D:4      | Found an ornate altar of the Wu Jian Council.
  2991 | D:4      | Found a shimmering altar of Xom.
  2993 | D:4      | Found a stormy altar of Qazlal.
  3105 | D:4      | Reached skill level 5 in Long Blades
  3380 | D:4      | Found a sand-covered staircase.
  3393 | Ossuary  | Entered an ossuary
  3412 | Ossuary  | Reached skill level 5 in Fighting
  3445 | Ossuary  | Reached ** piety under Vehumet
  3450 | Ossuary  | Offered knowledge of Scorch by Vehumet.
  3690 | Ossuary  | Offered knowledge of Mephitic Cloud by Vehumet.
  3766 | Ossuary  | Reached *** piety under Vehumet
  3942 | D:4      | Reached XP level 7. HP: 45/60 MP: 6/6
  4103 | D:4      | Reached skill level 6 in Long Blades
  4103 | D:4      | Reached skill level 5 in Shields
  4213 | D:4      | Slain by an orc warrior

Illustrated notes

Levels and vault maps discovered:
D:1:      tarquinn_simple_flora_water_b, layout_basic, minmay_misc_feat_doors,
          hex_large
D:2:      layout_basic, hangedman_decor_points, serial_bayou_lagoon_a,
          uniq_jessica
D:3:      layout_basic, hellmonk_ecumenical_altar_inner_sanctum, uniq_ijyb,
          uniq_sigmund
D:4:      layout_loops_corners, okawaru_gym_becter,
          chequers_temple_overflow_minitemple, nicolae_ossuary_entry_giza

Skill      XL: |  1  2  3  4  5  6  7 |
---------------+----------------------+-----
Fighting       | 4 5 |  5.1
Shields        | 4 5 |  5.0
Long Blades    | 3 4 5 6 |  6.0
Armour         | 4 5 |  5.9
Dodging        | 1 |  1.9
Stealth        | |  0.2

Action                   |  1- 3 |  4- 6 |  7- 9 || total
-------------------------+-------+-------+-------++-------
Melee: Long sword        |    66 |   182 |    42 ||   290
       Headbutt          |     7 |    31 |     6 ||    44
  Use: Scroll            |     3 |       |     2 ||     5
Armor: Scale mail        |    49 |    23 |       ||    72
       Chain mail        |       |    58 |    38 ||    96
Dodge: Dodged            |    46 |    50 |     7 ||   103
Block: Buckler           |    21 |    31 |     8 ||    60
